 Dungeon Crawl Stone Soup version 0.31.0-11-ge490571c62 (webtiles) character file.

Game seed: 6802635637389655173

175 qw the Shooter (level 5, -2/26 HPs)
             Began as a Spriggan Hunter on Feb 5, 2024.
             Slain by a gnoll sergeant
             ... wielding a +3 vampiric spear
              (12 damage)
             ... on level 4 of the Dungeon.
             The game lasted 00:00:53 (1833 turns).

qw the Shooter (Spriggan Hunter)                    Turns: 1833, Time: 00:00:54

Health: -2/26      AC:  3    Str:  7    XL:     5   Next: 29%
Magic:  6/6        EV: 20    Int: 12    God:
Gold:   98         SH:  0    Dex: 21    Spells: 4/4 levels left

rFire   . . .        a - +0 shortbow (flame)
rCold   . . .        (shield currently unavailable)
rNeg    . . .        d - +1 robe of the Harvest Moon {Rampage Int+2 Slay+3}
rPois   .            (helmet restricted)
rElec   .            (no cloak)
rCorr   .            (gloves unavailable)
SInv    +            (boots unavailable)
Will    .....        h - amulet of regeneration
Stlth   ++           (no ring)
HPRegen 1.04/turn    (no ring)
MPRegen 0.10/turn

%: rampage
@: very quick
A: very small, no large weapons, unfitting armour, see invisible, speed 3
a: no special abilities


You were on level 4 of the Dungeon.
You visited 1 branch of the dungeon, and saw 4 of its levels.

You collected 120 gold pieces.
You spent 22 gold pieces at shops.


Innate Abilities, Weirdness & Mutations

You are very small and have problems with some larger weapons.
You are too small for most types of armour.
You have supernaturally acute eyesight. (SInv)
You cover ground extremely quickly. (Speed+++)


   Skills:
 - Level 2.2 Fighting
 + Level 5.3 Ranged Weapons
 - Level 5.0 Dodging
 - Level 1.5 Stealth


You had 4 spell levels left.
You didn't know any spells.
Your spell library was empty.

Inventory:

Hand Weapons
 a - a +0 shortbow of flaming (weapon)
Armour
 d - the +1 robe of the Harvest Moon (worn) {Rampage Int+2 Slay+3}
   (You found it on level 3 of the Dungeon)

   Int+2:     It affects your intelligence (+2).
   Slay+3:    It affects your accuracy & damage with ranged weapons and melee
   (+3).
   Rampage:   It bestows one free step when moving towards enemies.
Jewellery
 h - an amulet of regeneration (around neck)
Potions
 e - a potion of curing
 f - a potion of brilliance {unknown}
 g - a potion of mutation
 j - a potion of lignification {unknown}
 k - a potion of degeneration {unknown}

Dungeon Overview and Level Annotations

Branches:
Dungeon (4/15)
 Temple: D:4-7

Altars:
Ashenzari
Fedhas
Makhleb

Shops:
D:1 ?


Message History

You kill the gnoll!
You shoot an arrow. The arrow misses the adder.
A gnoll comes into view. It is wielding a +0 flail.
You shoot an arrow. The gnoll shouts!
The arrow hits the adder.
The arrow burns the adder.
The adder is moderately wounded.
You hear a shout!
The adder closely misses you.
A gnoll sergeant comes into view. It is wielding a +3 vampiric spear.
The adder barely misses you.
You shoot an arrow. The arrow hits the adder.
The arrow burns the adder.
The adder is severely wounded.
The adder closely misses you.
A gnoll comes into view. It is wielding a +0 club.
The gnoll sergeant closely misses you.
You shoot an arrow. The arrow hits the adder.
The arrow burns the adder.
You kill the adder!
The gnoll sergeant misses you.
You shoot an arrow. The arrow hits the gnoll!
The arrow burns the gnoll.
The gnoll is severely wounded.
The gnoll sergeant closely misses you. The gnoll closely misses you.
You shoot an arrow. The arrow hits the gnoll!
The arrow burns the gnoll.
You kill the gnoll!
The gnoll sergeant completely misses you.
You shoot an arrow. The arrow hits the gnoll sergeant!
The arrow burns the gnoll sergeant.
The gnoll sergeant is heavily wounded.
The gnoll sergeant completely misses you.
You shoot an arrow. The arrow hits the gnoll sergeant!
The arrow burns the gnoll sergeant.
The gnoll sergeant is almost dead.
The gnoll sergeant closely misses you.
You shoot an arrow. The arrow barely misses the gnoll.
The gnoll closely misses you.
The gnoll sergeant hits you from afar with a +3 vampiric spear!
The gnoll sergeant draws strength from your wounds!
The gnoll hits you with a +0 club!
The gnoll sergeant hits you from afar with a +3 vampiric spear!
You die...

#.# #...........##
#.# ######..#####
#.# #..# #.# #..#
#.## ##..# .....
##...## #.###.
##.....##
.....g###.......#
......g@.%.........
..##..###.......###
#. ##.....## #
...|.... #####.####
..# .... #.


You could see a gnoll sergeant and a gnoll.

Vanquished Creatures
  A sleepcap (D:4)
  2 gnolls (D:4)
  5 adders
  A river rat (D:3)
  A white imp (D:4)
  2 ribbon worms (D:3)
  5 bats
  4 endoplasms
  5 giant cockroaches
  5 goblins
  7 hobgoblins
  2 jackals (D:4)
  9 kobolds
  3 ball pythons
  6 frilled lizards
  5 rats
63 creatures vanquished.

Notes
Turn   | Place    | Note
-------+----------+-------------------------------------------
     0 | D:1      | qw the Spriggan Hunter began the quest for the Orb.
     0 | D:1      | Reached XP level 1. HP: 10/10 MP: 2/2
     0 | D:1      | 0 ||| qw: Version: 0.3-a-160-g6735b56
     0 | D:1      | 0 ||| qw: Game counter: 6330
     0 | D:1      | 0 ||| qw: Melee chars always use a shield: true
     0 | D:1      | 0 ||| qw: God list: Okawaru
     0 | D:1      | 0 ||| qw: Allow faded altars: false
     0 | D:1      | 0 ||| qw: Do Orc after clearing Dungeon:15 true
     0 | D:1      | 0 ||| qw: Do second Lair branch before Depths: true
     0 | D:1      | 0 ||| qw: Lair rune preference: random
     0 | D:1      | 0 ||| qw: Goals: Normal
     0 | D:1      | 0 ||| PLANNING D:1-11
    32 | D:1      | Reached skill level 3 in Dodging
   100 | D:1      | Reached XP level 2. HP: 14/14 MP: 3/3
   256 | D:1      | Found Tuahusyh's Magic Scroll Emporium.
   266 | D:1      | 266 ||| SHOPLISTING scroll of acquirement (572 gold, have
                  | 27).
   266 | D:1      | 266 ||| SHOPLISTING scroll of enchant weapon (82 gold, have
                  | 27).
   266 | D:1      | 266 ||| BUYING scroll of identify (22 gold).
   266 | D:1      | Bought a scroll of identify for 22 gold pieces
   266 | D:1      | 266 ||| SHOPLISTING scroll of teleportation (33 gold, have
                  | 5).
   402 | D:1      | 402 ||| UPGRADING to amulet of regeneration.
   407 | D:1      | 407 ||| READING 3 scrolls of identify.
   407 | D:1      | 407 ||| IDENTIFYING black potion
   408 | D:1      | 408 ||| READING 2 scrolls of identify.
   408 | D:1      | 408 ||| IDENTIFYING sedimented yellow potion
   409 | D:1      | 409 ||| READING scroll of identify.
   409 | D:1      | 409 ||| IDENTIFYING scroll labelled JIUQIU MUFROU
   410 | D:1      | 410 ||| DROPPING scroll of butterflies.
   411 | D:1      | 411 ||| DROPPING scroll of fog.
   444 | D:2      | Reached XP level 3. HP: 18/18 MP: 4/4
   707 | D:2      | Found a faded altar of an unknown god.
   821 | D:2      | 821 ||| READING scroll labelled NIGRUA GUDD.
   822 | D:2      | 822 ||| READING scroll labelled WOP YSTRIFOEN.
   825 | D:2      | 825 ||| READING scroll labelled MEUPHO YKKUOWI.
   838 | D:3      | 838 ||| PLANNING SEWER
   913 | D:3      | Identified the +1 robe of the Harvest Moon {Rampage Int+2
                  | Slay+3}
  1050 | D:3      | Reached XP level 4. HP: 18/22 MP: 5/5
  1296 | D:3      | Found a blossoming altar of Fedhas.
  1398 | D:3      | Found a burning altar of Makhleb.
  1401 | D:3      | Found a broken altar of Ashenzari.
  1668 | D:3      | Found a glowing drain.
  1669 | D:3      | 1669 ||| RIP SEWER
  1669 | D:3      | 1669 ||| PLANNING D:1-11
  1669 | D:3      | 1669 ||| UPGRADING to +1 robe of the Harvest Moon {Rampage
                  | Int+2 Slay+3}.
  1679 | D:3      | 1679 ||| DROPPING +0 robe.
  1680 | D:3      | 1680 ||| READING scroll labelled DOHOUH VIUMISH.
  1680 | D:3      | 1680 ||| BRANDING +0 shortbow.
  1681 | D:3      | 1681 ||| READING scroll labelled EFU BEGAHIESMU.
  1681 | D:3      | 1681 ||| ENCHANTING +0 shortbow of flaming.
  1682 | D:3      | 1682 ||| READING scroll labelled NINUCKEBAO.
  1789 | D:4      | Reached XP level 5. HP: 26/26 MP: 6/6
  1833 | D:4      | Slain by a gnoll sergeant

Levels and vault maps discovered:
D:1:      wander_arrival_estate, layout_rooms, serial_shops, shop,
          serial_curves, eino_curves_02, eino_curves_02,
          corexii_item_surrounded_by_moat
D:2:      layout_rooms, ebering_ecumenical_altar_abandoned
D:3:      layout_loops_ring, mainiacjoe_overflow_alcove_4,
          jmf_multi_god_temple2, gup_sewer_entry_spiral, hangedman_decor_push
D:4:      layout_loops_ring, mainiacjoe_overflow_cross_hatched

Skill      XL: |  1  2  3  4 |
---------------+-------------+-----
Dodging        | 3 4 5 |  5.0
Ranged Weapons | 5 |  5.3
Fighting       | 2 |  2.2
Stealth        | |  1.5

Action                     |  1- 3 |  4- 6 || total
---------------------------+-------+-------++-------
   Fire: Shortbow          |   137 |    69 ||   206
    Use: Scroll            |     6 |     3 ||     9
 Armour: Robe              |    17 |    13 ||    30
  Dodge: Dodged            |    48 |    39 ||    87

Table legend:
 A = Non-vault XP
 B = Vault XP
 C = Vault XP percentage of total XP
 D = Non-vault monster count
 E = Vault monster count
 F = Vault count percentage of total count
                 A         B        C        D         E       F
            +---------+---------+-------+---------+---------+-------
      Total |     224 |      26 |  10.4 |      55 |       8 |  12.7
            +---------+---------+-------+---------+---------+-------
        D:1 |      33 |       0 |   0.0 |      22 |       0 |   0.0
        D:2 |      34 |       0 |   0.0 |      14 |       0 |   0.0
        D:3 |      59 |      26 |  30.6 |      12 |       8 |  40.0
        D:4 |      98 |       0 |   0.0 |       7 |       0 |   0.0
            +---------+---------+-------+---------+---------+-------
